 Dungeon Crawl Stone Soup version 0.18.1-5-g4a78601 (webtiles) character file.

1005 oplop the Ruffian (level 8, 0/83 HPs)
             Began as a Troll Monk on May 13, 2016.
             Slain by an ogre
             ... wielding a +0 giant club
              (18 damage)
             ... on level 5 of the Dungeon.
             The game lasted 00:06:29 (3193 turns).

oplop the Ruffian (Troll Monk)                      Turns: 3193, Time: 00:06:30

Health: 0/83       AC:  8    Str: 20    XL:     8   Next: 0%
Magic:  7/7        EV: 10    Int:  6    God:    Xom [..*...]
Gold:   152        SH:  0    Dex: 14    Spells: 0 memorised, 7 levels left

rFire  . . .     SeeInvis .       - Unarmed
rCold  . . .     Gourm    +     a - +0 robe
rNeg   . . .     Faith    .     (no shield)
rPois  .         Spirit   .     o - +0 hat
rElec  .         Dismiss  .     f - +2 cloak
rCorr  .         Reflect  .     (gloves unavailable)
SustAt .         Harm     .     (boots unavailable)
MR     .....                    (no amulet)
Stlth  ++........               (no ring)
                                (no ring)

@: not resistant to hostile enchantments, unstealthy
A: unfitting armour, claws 3, fast metabolism 3, gourmand, regeneration 2,
shaggy fur 1, tough skin 2
a: Renounce Religion


You were on level 5 of the Dungeon.
You worshipped Xom.
You were a toy of Xom.
You were not hungry.

You visited 2 branches of the dungeon, and saw 6 of its levels.

You collected 166 gold pieces.
You donated 14 gold pieces to Zin.

Inventory:

Armour
 a - a +0 robe (worn)
 f - a +2 cloak (worn)
 o - a +0 hat (worn)
Jewellery
 x - an uncursed ring of magical power {unknown}
Wands
 y - a wand of acid (3/15)
Scrolls
 c - 6 scrolls of identify {unknown}
 g - a scroll of enchant weapon {unknown}
 i - a scroll of fog {unknown}
 j - 2 scrolls of remove curse {unknown}
 n - 2 scrolls of amnesia {unknown}
 p - a scroll of fear {unknown}
 q - 4 scrolls of teleportation {unknown}
 s - a scroll of immolation {unknown}
 v - 3 scrolls of recharging {unknown}
Potions
 d - a potion of cancellation {unknown}
 e - 2 potions of heal wounds {unknown}
 k - 5 potions of curing {unknown}
 l - a potion of agility {unknown}
 t - a potion of resistance {unknown}
 u - a potion of brilliance {unknown}
Comestibles
 b - 5 bread rations
 h - 2 meat rations
 m - 7 fruits
 r - 3 royal jellies
 w - a beef jerky


   Skills:
 + Level 6.0 Fighting
 - Level 2.4 Dodging
 - Level 1.1 Stealth
 + Level 7.6 Unarmed Combat


You had 7 spell levels left.
You didn't know any spells.

Dungeon Overview and Level Annotations

Branches:
Dungeon (5/15)             Temple (1/1) D:4

Altars:
Ashenzari
Cheibriados
Dithmenos
Gozag
Makhleb
Okawaru
Qazlal
Ru
Sif Muna
Trog
Vehumet
Xom
Zin
The Shining One

Shops:
D:4 (


Innate Abilities, Weirdness & Mutations

You are too large for most types of armour.
You have claws for hands.
Your metabolism is lightning-fast.
You like to eat raw meat.
You heal very quickly.
You are covered in fur (AC +1).
You have very tough skin (AC +2).


Message History

The ogre is lightly wounded.
You almost hear Xom's maniacal laughter.
Sparks fly from your feet!
You scratch the ogre.
The ogre is moderately wounded.
The ogre hits you with a giant club!!
You barely miss the ogre.
The ogre is moderately wounded.
The ogre hits you with a giant club!
You claw the ogre!
The ogre is severely wounded.
You scratch the ogre.
The ogre is almost dead.
The ogre hits you with a giant club!
* * * LOW HITPOINT WARNING * * *
You are too injured to fight recklessly!
You barely miss the ogre.
The ogre is almost dead.
The ogre hits you with a giant club!!
You die...

## #.. # # #.# .#
.. #.# ##.#.#
###.# ..... ....
.....#
#S##O#...##
#..@....$.. #
#....##....
#.#.##.# #
#.#.##.##...
#.........#######
###.#######.....#
#.# #.....# ##.##
#.....# #.(.#
#.....#


You could see an ogre and an adder.

Vanquished Creatures
  The ghost of Armakuni the Ruffian, an amateur CeSk (D:3)
  Eustachio (D:4)
  Menkaure (D:5)
  A centaur (D:5)
  A howler monkey (D:4)
  A crimson imp (D:5)
  Crazy Yiuf (D:3)
  2 hounds (D:4)
  2 orc wizards (D:4)
  An orc priest (D:4)
  A worker ant (D:5)
  Natasha (twice) (D:4)
  An iguana (D:5)
  3 gnolls (D:5)
  2 adders
  2 oozes
  An adder skeleton (D:5)
  9 worms
  A dart slug (D:3)
  4 giant geckos
  9 orcs
  A ball python (D:2)
  A giant cockroach (D:5)
  5 goblins
  8 hobgoblins
  4 jackals (D:2)
  2 quokkas (D:2)
  6 bats
  A giant cockroach zombie (D:5)
  7 giant newts
  7 kobolds
  11 rats
100 creatures vanquished.

Notes
Turn   | Place    | Note
--------------------------------------------------------------
     0 | D:1      | oplop the Troll Monk began the quest for the Orb.
     0 | D:1      | Reached XP level 1. HP: 22/22 MP: 0/0
   191 | D:1      | Reached XP level 2. HP: 29/29 MP: 1/1
   453 | D:2      | Reached XP level 3. HP: 34/37 MP: 2/2
   698 | D:2      | Found a deep blue altar of Sif Muna.
   924 | D:2      | Reached XP level 4. HP: 40/45 MP: 3/3
  1198 | D:3      | Noticed Crazy Yiuf
  1209 | D:3      | Killed Crazy Yiuf
  1209 | D:3      | Reached skill level 5 in Unarmed Combat
  1297 | D:3      | Noticed Armakuni's ghost (amateur CeSk)
  1312 | D:3      | Killed Armakuni's ghost
  1312 | D:3      | Reached XP level 5. HP: 32/55 MP: 4/4
  1337 | D:3      | Reached XP level 6. HP: 51/63 MP: 5/5
  1418 | D:3      | Found an opulent altar of Gozag.
  1637 | D:4      | Noticed Natasha
  1644 | D:4      | Killed Natasha
  1644 | D:4      | Reached skill level 6 in Unarmed Combat
  1706 | D:4      | Found Obisamax's Weapon Shoppe.
  1806 | D:4      | Found a sacrificial altar of Ru.
  1815 | D:4      | Noticed Eustachio
  1831 | D:4      | Killed Eustachio
  1831 | D:4      | Reached skill level 5 in Fighting
  2077 | D:4      | Reached XP level 7. HP: 58/72 MP: 6/6
  2091 | D:4      | Found a burning altar of Makhleb.
  2132 | D:4      | Noticed Natasha
  2137 | D:4      | Killed Natasha
  2360 | D:4      | Found a staircase to the Ecumenical Temple.
  2539 | Temple   | Entered the Ecumenical Temple
  2623 | Temple   | Became a worshipper of Zin the Law-Giver
  2623 | Temple   | Reached * piety under Zin
  2623 | Temple   | Reached ** piety under Zin
  2679 | D:5      | Entered Level 5 of the Dungeon
  2692 | D:5      | Reached skill level 7 in Unarmed Combat
  2823 | D:5      | Reached *** piety under Zin
  2946 | Temple   | Fell from the grace of Zin
  2946 | Temple   | Became a worshipper of Xom of Chaos
  3126 | D:5      | Noticed Menkaure
  3130 | D:5      | Killed Menkaure
  3130 | D:5      | Reached XP level 8. HP: 28/83 MP: 7/7
  3188 | D:5      | XOM: harmless Conj miscast
  3193 | D:5      | Slain by an ogre

Skill      XL: |  1  2  3  4  5  6  7 |
---------------+----------------------+-----
Fighting       | 3 4 5 6 |  6.0
Unarmed Combat | 5 6 7 |  7.6
Dodging        | |  2.4
Stealth        | |  1.1

Action                   |  1- 3 |  4- 6 |  7- 9 || total
-------------------------+-------+-------+-------++-------
Melee: Unarmed           |   127 |   117 |    97 ||   341
       Punch             |     2 |     3 |     2 ||     7
 Stab: Sleeping          |       |       |     2 ||     2
  Eat: Chunk             |    11 |    12 |     6 ||    29
Armor: Robe              |    30 |    43 |    23 ||    96
Dodge: Dodged            |    67 |    53 |    34 ||   154
